Map: Ley Lines

Players

ManlyManMeat

  • Race: Terran Terran
  • Spawn Location: 7:00

Spartak - Winner!

  • Race: Terran Terran
  • League: Silver
  • Spawn Location: 1:00

VOD

Have the link to the VOD?

Description

Time

  • Played on: May 12, 2025, 6:53 a.m.
  • Length: 6:53
Show
View Real Time Build Order
Export as new Build Order

ManlyManMeat Terran 

Build Orders:  

Get SALT Encoding   

  12  0:52  SCV  
  13  0:59  Supply Depot  
  13  1:02  Command Center  
  13  1:04  SCV  
  14  1:24  Barracks  
  14  1:37  Barracks, SCV  
  15  1:49  SCV  
  15  1:51  Barracks  
  16  2:01  SCV  
  16  2:03  Supply Depot  
  17  2:13  SCV  
  17  2:15  Marine  
  19  2:38  Marine  
  19  2:39  Marine  
  19  2:40  Engineering Bay, Marine  
  22  2:50  SCV  
  23  2:51  SCV  
  23  2:56  Marine  
  25  3:02  SCV  
  25  3:04  Marine x2  
  28  3:12  Orbital Command  
  27  3:17  Orbital Command  
  27  3:21  Refinery  
  27  3:26  Marine  
  28  3:28  Marine  
  28  3:29  Marine  
  30  3:45  Marine x2  
  30  3:47  Marine  
  33  3:50  SCV x2  
  33  3:54  Supply Depot  
  35  3:56  Barracks  
  35  4:02  SCV  
  36  4:04  Refinery  
  36  4:05  Marine  
  37  4:15  Marine  
  38  4:18  Barracks Reactor  
  38  4:27  Marine  
  39  4:31  SCV  
  39  4:36  SCV  
  39  4:38  Refinery  
  42  4:42  Refinery  
  42  4:43  SCV  
  43  4:48  SCV, Barracks Reactor  
  43  4:52  Barracks Reactor  
  43  4:55  SCV  
  44  5:00  Marine x2, SCV  
  47  5:08  SCV  
  47  5:12  SCV  
  49  5:17  Barracks Tech Lab  
  49  5:18  Marine x2  
  51  5:27  Marine x2  
  53  5:29  Barracks  
  53  5:31  Supply Depot  
  53  5:32  Supply Depot  
  53  5:36  Marine  
  54  5:53  SCV x2  
  57  6:02  Marine x2  
  59  6:08  Marine x3  
  59  6:09  Marine  
  63  6:13  Marauder  
  64  6:19  SCV  
  64  6:22  SCV  
  64  6:24  Marine x2  
  68  6:26  Marine x2  
  70  6:44  Supply Depot x2  
Show
View Real Time Build Order
Export as new Build Order

Spartak Terran - Winner!

Build Orders:  

Get SALT Encoding   

  12  0:00  SCV  
  13  0:12  SCV  
  14  0:17  Supply Depot  
  14  0:25  SCV  
  15  0:39  SCV  
  15  0:40  Barracks  
  16  0:45  Refinery  
  16  0:51  SCV  
  17  1:03  SCV  
  18  1:22  SCV  
  19  1:29  Supply Depot, Bunker, Marine  
  20  1:35  Orbital Command  
  20  1:40  Refinery  
  20  1:47  Barracks Tech Lab  
  20  2:02  Factory  
  20  2:05  SCV  
  21  2:12  Marine  
  22  2:20  SCV  
  22  2:32  SCV  
  22  2:34  Engineering Bay  
  23  2:51  Siege Tank  
  26  2:57  Barracks Reactor  
  26  2:59  Command Center  
  26  3:01  SCV  
  27  3:11  Supply Depot  
  27  3:18  SCV  
  28  3:20  Missile Turret  
  28  3:29  Siege Tank  
  31  3:39  Marine x2  
  33  3:42  Supply Depot  
  33  3:58  Starport  
  33  4:03  Siege Tank  
  36  4:17  Missile Turret  
  36  4:22  Orbital Command  
  36  4:27  Terran Infantry Weapons Level 1  
  36  4:32  SCV  
  37  4:47  Barracks, Orbital Command  
  37  4:48  Barracks Tech Lab  
  37  4:49  Liberator  
  40  5:02  Missile Turret, SCV  
  41  5:15  Sensor Tower  
  41  5:19  Sensor Tower  
  41  5:20  Siege Tank  
  44  5:24  SCV x2  
  46  5:39  Barracks Tech Lab  
  46  5:40  Factory  
  46  5:47  Refinery x2  
  46  5:48  SCV  
  46  5:49  SCV  
  48  6:01  Marine  
  49  6:14  SCV x2  
  49  6:15  Marine  
  52  6:19  Marine  
  52  6:22  Barracks  
  52  6:24  Factory Tech Lab  
  53  6:29  SCV  
  53  6:30  SCV  
Tags
 
League
Silver
Matchup
TvT
Race
Terran
Spawn Locations
Cross Positions
Add a new tag
Caveats
  • Supply blocks, unpowered buildings, or Contaminate may cause inaccurate times.
  • Supply counts are checked every 10 seconds.